 Dungeon Crawl Stone Soup version 0.15.2 (webtiles) character file.

3117 magipi the Cleaver (level 9, -6/73 HPs)
             Began as a Vine Stalker Berserker on Sept 28, 2015.
             Was a High Priest of Trog.
             Mangled by Prince Ribbit (8 damage)
             ... on Level 8 of the Dungeon.
             The game lasted 00:30:09 (3657 turns).

magipi the Cleaver (Vine Stalker Berserker)         Turns: 3657, Time: 00:30:09

HP  -6/73        AC  8     Str 25      XL: 9   Next: 91%
MP   0/4         EV 10     Int  7      God: Trog [*****.]
Gold 330         SH  0     Dex 17      Spells:  0 memorised,  8 levels left

rFire  . . .     SeeInvis .     a - +2 broad axe (antimagic)
rCold  . . .     Clarity  .     u - +3 ring mail
rNeg   + . .     rCorr    .     (no shield)
rPois  .         rRot     +     (no helmet)
rElec  .         Spirit   +     (no cloak)
SustAb .         Warding  .     (no gloves)
rMut   .         Stasis   .     (no boots)
Gourm  .                        (no amulet)
MR     +....                    (no ring)
                                o - ring of positive energy

@: berserking (expiring), very quick, somewhat resistant to hostile
enchantments, extremely unstealthy
A: fangs 3, regeneration 2, magic shield, antimagic bite, no device heal 3, rot
immunity
a: Burn Spellbooks, Berserk, Trog's Hand, Brothers in Arms, Renounce Religion


You were on level 8 of the Dungeon.
You worshipped Trog.
Trog was extremely pleased with you.
You were hungry.

You visited 2 branches of the dungeon, and saw 9 of its levels.
You also visited: Ossuary.

You collected 330 gold pieces.

Inventory:

Hand weapons
 a - a +2 antimagic broad axe (weapon)
 b - a +1 blowgun
Missiles
 i - 8 tomahawks (quivered)
 j - 2 javelins
 l - 23 poisoned needles
Armour
 u - a +3 ring mail (worn)
Magical devices
 B - a wand of paralysis (19)
Comestibles
 c - 4 bread rations
 f - 3 meat rations
 h - 2 fruits
 p - a slice of pizza
Scrolls
 e - a scroll of recharging
 g - 2 scrolls of enchant weapon
 m - 2 scrolls of remove curse
 x - 4 scrolls of teleportation
Jewellery
 o - a ring of positive energy (left hand)
Potions
 d - a potion of might
 k - a potion of agility {unknown}
 n - 3 potions of curing
 q - a potion of cure mutation {unknown}
 r - 2 potions of heal wounds {unknown}
 s - 2 potions of restore abilities
 w - a potion of berserk rage {unknown}
 z - a potion of flight {unknown}
 A - 2 potions of brilliance {unknown}
Books
 t - a book of Spatial Translocations

   Spells                             Type                      Level
   Apportation                        Translocation                1
   Blink                              Translocation                2
   Shroud of Golubria                 Charms/Translocation         2
   Portal Projectile                  Translocation                3
   Teleport Other                     Translocation                3
   Passage of Golubria                Translocation                4
   Trog disapproves of the use of such an item.


   Skills:
 + Level 6.3 Fighting
 + Level 11.2 Axes
 - Level 1.5 Armour
 - Level 1.5 Dodging


You had 8 spell levels left.
You didn't know any spells.

Dungeon Overview and Level Annotations

Branches:
Dungeon (8/15)             Temple (1/1) D:6
   Lair: D:8-11

Altars:
Ashenzari
Cheibriados
Dithmenos
Elyvilon
Fedhas
Kikubaaqudgha
Makhleb
Nemelex Xobeh
Okawaru
Qazlal
Sif Muna
Trog
Vehumet
Xom
Yredelemnul
Zin
The Shining One

Annotations:
D:8 Prince Ribbit


Innate Abilities, Weirdness & Mutations

You have razor-sharp teeth.
You heal very quickly.
When hurt, damage is shared between your health and your magic reserves.
Your bite disrupts and absorbs the magic of your enemies.
Potions and wands cannot restore your health.
You are immune to rotting.

Vault maps used:
D:1:      onia_arrival_mini_spirals
D:4:      uniq_grinder
D:5:      first_bread, hangedman_decor_clover_reticule, sigmund_army, uniq_iyjb,
          uniq_duvessa
D:6:      minmay_temple_entry_mist
D:7:      basic_altar, enter_ossuary_3
D:8:      uniq_prince_ribbit1, uniq_psyche, uniq_gastronok
Temple:   grunt_circular_temple_18
Ossuary:  ossuary_zaba_flooded


Message History

You see here a stone.
The kobold throws a stone.
The stone hits you but does no damage.
Found 11 gold pieces.
You see here a stone.
The kobold throws a stone.
The stone misses you. The kobold misses you.
You slash the kobold!
You kill the kobold!
Trog accepts your kill.
The giant frog hits you but does no damage.
Things that are here:
a short sword; a kobold corpse You closely miss the giant frog.
The giant frog hits you but does no damage.
You slash the giant frog! Your bite misses the giant frog.
The giant frog is moderately wounded.
The giant frog hits you.
The giant frog hits you but does no damage.
You slash the giant frog!
You kill the giant frog!
Trog accepts your kill.
You see here a giant frog corpse.
You offer a prayer to Trog.
The giant frog corpse is slowly consumed by flames.
Trog is extremely pleased with you.
Things that are here:
a short sword; a kobold corpse You offer a prayer to Trog.
The kobold corpse is consumed in a column of flame.
Trog is extremely pleased with you.
Found 9 gold pieces.
You now have 319 gold pieces (gained 9).
Search for what [Enter for "axe", or ? for help]? axe You open the door.
There is an open door here.
You now have 330 gold pieces (gained 11).
You open the door.
There is an open door here.
Found a slimy purple potion.
A - 2 slimy purple potions (gained 1) As you open the door, it creaks loudly!
You hear a horrible gurgling sound!
Found 24 stones.
Read which item? (? for menu, Esc to quit)
Okay, then.
Gastronok the Ponderous comes into view.
There is an open door here.
You start waiting.
Use which ability? (? or * to list)
A red film seems to cover your vision as you go berserk!
You feel yourself moving faster!
You feel mighty!
You feel somewhat more hungry.
You are feeling hungry.
You feel a strong urge to attack something.
Prince Ribbit comes into view.
Gastronok bites you!!
There is an open door here.
You slice Gastronok!!
Gastronok's magic leaks into the air.
You bite Gastronok!
Gastronok's magic leaks into the air.
You drain his magic.
You feel invigorated.
Gastronok is moderately wounded.
Unknown command.
You slice Gastronok!!
Gastronok's magic leaks into the air.
You bite Gastronok.
Gastronok's magic leaks into the air.
You drain his magic.
Gastronok is heavily wounded.
Prince Ribbit hops awkwardly around.
Unknown command.
You slash Gastronok!
Gastronok's magic leaks into the air.
You bite Gastronok!!
Gastronok's magic leaks into the air.
You drain his magic.
Gastronok is severely wounded.
Prince Ribbit blinks!
Gastronok bites you!!
Unknown command.
You slice Gastronok!!
Gastronok's magic leaks into the air.
You bite Gastronok!
Gastronok's magic leaks into the air.
You drain his magic.
You feel invigorated.
Gastronok is almost dead.
Prince Ribbit blinks!
Unknown command.
You slice Gastronok!!
You kill Gastronok!
Trog accepts your kill.
Trog appreciates your killing of a magic user.
Your Fighting skill gained 2 levels and is now at level 6!
Your Axes skill increases to level 11!
Prince Ribbit hits you!
* * * LOW HITPOINT WARNING * * *
You miss Prince Ribbit. Your bite misses Prince Ribbit.
Prince Ribbit catches a moth with his tongue.
Prince Ribbit hits you!
* * * LOW HITPOINT WARNING * * *
You slice Prince Ribbit!!
Prince Ribbit's magic leaks into the air.
You bite Prince Ribbit.
Prince Ribbit's magic leaks into the air.
You drain his magic.
You feel invigorated.
Prince Ribbit is severely wounded.
Prince Ribbit hits you but does no damage.
You closely miss Prince Ribbit. Your bite misses Prince Ribbit.
Prince Ribbit is severely wounded.
Prince Ribbit hits you!
You die...

#.........'..
#.........###
#.........#
#######
#.........#
.......
###'#######
....ยง..######.#
........[......#
#######'#######
#...@.....#
#...F........
#............
#.(..........
#####+###... ..


You could see Prince Ribbit.

Table legend:
 A = Kills in this place as a percentage of kills in entire the game.
 B = Kills by you in this place as a percentage of kills by you in the entire game.
 C = Kills by friends in this place as a percentage of kills by friends in the entire game.
 D = Other kills in this place as a percentage of other kills in the entire game.
 E = Experience gained in this place as a percentage of experience gained in the entire game.
 F = Experience gained in this place divided by the number of levels of this place that you have seen.
                   A       B       C       D       E      F
               +-------+-------+-------+-------+-------+----------------------
         Total | 100.0 | 100.0 |  -nan |  -nan | 100.0 | 445.3
       Dungeon | 100.0 | 100.0 |  -nan |  -nan | 100.0 | 556.6
               +-------+-------+-------+-------+-------+----------------------

Vanquished Creatures
  Gastronok (D:8)
  Grinder (D:4)
  A hippogriff (D:7)
  2 black bears
  An ogre (D:6)
  An ice beast (D:6)
  2 centaurs
  2 giant frogs
  A big kobold (D:7)
  2 scorpions (D:7)
  2 crimson imps
  A goliath beetle (D:6)
  2 orc priests
  6 hounds
  2 jellies
  A giant frog skeleton (D:5)
  A human zombie (D:7)
  2 orc wizards (D:6)
  A worker ant (D:5)
  Ijyb (D:5)
  An ogre skeleton (D:7)
  A sky beast zombie (D:5)
  8 adders
  3 gnolls (D:6)
  An orc skeleton (D:6)
  A shadow imp (D:5)
  A giant mite (D:6)
  3 worms
  An adder zombie (D:6)
  19 orcs
  5 bats
  7 giant cockroaches
  10 goblins
  7 hobgoblins
  14 jackals
  A quokka (D:3)
  2 giant newts
  A giant spore (D:7)
  A goblin zombie (D:7)
  A jackal zombie (D:7)
  19 kobolds
  A quokka skeleton (D:6)
  14 rats
  A rat skeleton (D:7)
  3 ballistomycetes (D:7)
159 creatures vanquished.

Notes
Turn   | Place    | Note
--------------------------------------------------------------
     0 | D:1      | magipi, the Vine Stalker Berserker, began the quest for the Orb.
     0 | D:1      | Reached XP level 1. HP: 11/11 MP: 1/1
   165 | D:1      | Reached skill level 3 in Axes
   214 | D:1      | Reached XP level 2. HP: 16/16 MP: 3/3
   358 | D:2      | Acquired Trog's second power
   395 | D:2      | Reached XP level 3. HP: 19/19 MP: 4/4
   661 | D:3      | Reached skill level 4 in Axes
   686 | D:3      | Reached XP level 4. HP: 23/23 MP: 5/5
   735 | D:3      | Reached skill level 5 in Axes
   754 | D:3      | Reached XP level 5. HP: 27/27 MP: 7/7
  1389 | D:4      | Noticed Grinder
  1397 | D:4      | Killed Grinder
  1397 | D:4      | Reached skill level 6 in Axes
  1397 | D:4      | Gained mutation: You heal very quickly. [vine stalker growth]
  1397 | D:4      | Reached XP level 6. HP: 12/32 MP: 8/8
  2003 | D:5      | Entered Level 5 of the Dungeon
  2021 | D:5      | Reached skill level 7 in Axes
  2021 | D:5      | Reached XP level 7. HP: 35/35 MP: 9/9
  2192 | D:5      | Acquired Trog's third power
  2254 | D:5      | Noticed Ijyb
  2268 | D:5      | Killed Ijyb
  2329 | D:5      | Reached skill level 8 in Axes
  2446 | D:6      | Gained mutation: You have razor-sharp teeth. [vine stalker growth]
  2446 | D:6      | Reached XP level 8. HP: 39/39 MP: 11/11
  2636 | D:6      | Reached skill level 9 in Axes
  2913 | D:6      | Found a staircase to the Ecumenical Temple.
  2922 | Temple   | Entered the Ecumenical Temple
  3098 | D:7      | Received a gift from Trog
  3116 | D:7      | Found a glowing golden altar of the Shining One.
  3197 | D:7      | Found a sand-covered staircase.
  3208 | D:7      | Reached skill level 10 in Axes
  3220 | Ossuary  | Entered an ossuary
  3240 | D:7      | Reached XP level 9. HP: 37/45 MP: 4/12
  3633 | D:8      | Noticed Gastronok
  3648 | D:8      | Noticed Prince Ribbit
  3653 | D:8      | Killed Gastronok
  3653 | D:8      | Reached skill level 11 in Axes
  3655 | D:8      | HP: 1/73 [Prince Ribbit (14)]
  3657 | D:8      | Mangled by Prince Ribbit

Action                   |  1- 3 |  4- 6 |  7- 9 || total
-------------------------+-------+-------+-------++-------
Melee: Hand axe          |    80 |   112 |   206 ||   398
       Broad axe         |       |       |    65 ||    65
 Fire: Blowgun           |       |       |     4 ||     4
Throw: Tomahawk          |       |       |     2 ||     2
Invok: Berserk           |     2 |     3 |     8 ||    13
Evoke: Wand              |       |     1 |     1 ||     2
  Use: Scroll            |       |     8 |     5 ||    13
       Potion            |       |     1 |       ||     1
  Eat: Bread ration      |       |     1 |       ||     1
       Chunk             |       |     2 |     4 ||     6
       Royal jelly       |       |     1 |       ||     1
       Fruit             |       |       |     5 ||     5
       Beef jerky        |       |       |     2 ||     2
       Pizza             |       |       |     1 ||     1

Action                   |  1- 3 |  4- 6 |  7- 9 || total
-------------------------+-------+-------+-------++-------
Melee: Hand axe          |    80 |   112 |   206 ||   398
       Broad axe         |       |       |    65 ||    65
 Fire: Blowgun           |       |       |     4 ||     4
Throw: Tomahawk          |       |       |     2 ||     2
Invok: Berserk           |     2 |     3 |     8 ||    13
Evoke: Wand              |       |     1 |     1 ||     2
  Use: Scroll            |       |     8 |     5 ||    13
       Potion            |       |     1 |       ||     1
  Eat: Bread ration      |       |     1 |       ||     1
       Chunk             |       |     2 |     4 ||     6
       Royal jelly       |       |     1 |       ||     1
       Fruit             |       |       |     5 ||     5
       Beef jerky        |       |       |     2 ||     2
       Pizza             |       |       |     1 ||     1

Action                   |  1- 3 |  4- 6 |  7- 9 || total
-------------------------+-------+-------+-------++-------
Melee: Hand axe          |    80 |   112 |   206 ||   398
       Broad axe         |       |       |    65 ||    65
 Fire: Blowgun           |       |       |     4 ||     4
Throw: Tomahawk          |       |       |     2 ||     2
Invok: Berserk           |     2 |     3 |     8 ||    13
Evoke: Wand              |       |     1 |     1 ||     2
  Use: Scroll            |       |     8 |     5 ||    13
       Potion            |       |     1 |       ||     1
  Eat: Bread ration      |       |     1 |       ||     1
       Chunk             |       |     2 |     4 ||     6
       Royal jelly       |       |     1 |       ||     1
       Fruit             |       |       |     5 ||     5
       Beef jerky        |       |       |     2 ||     2
       Pizza             |       |       |     1 ||     1
